 Dungeon Crawl Stone Soup version 0.18-a0-1243-g9e52518 (webtiles) character file.

65706 tsouns the Carver (level 14, -30/118 HPs)
             Began as a Mummy Fighter on Feb 5, 2016.
             Was an Initiate of Gozag.
             Killed from afar by a tengu reaver (43 damage)
             ... with a bolt of lightning
             ... on level 12 of the Dungeon.
             The game lasted 01:48:22 (28142 turns).

tsouns the Carver (Mummy Fighter)                  Turns: 28142, Time: 01:48:22

Health: -30/118    AC: 26    Str: 20    XL:     14   Next: 76%
Magic:  14/14      EV:  8    Int:  8    God:    Gozag
Gold:   3059       SH: 13    Dex: 15    Spells: 3 memorised, 7 levels left

rFire  x . .     SeeInvis +     F - +0 blowgun
rCold  + . .     Gourm    .     g - +1 plate armour
rNeg   + + +     Faith    .     c - +0 shield
rPois  ∞         Spirit   .     G - +1 helmet
rElec  .         Dismiss  .     e - +1 cloak
rCorr  .         Reflect  +     v - +2 pair of gloves
SustAt .         Harm     .     J - +0 pair of boots
MR     +....                    k - +3 amulet of reflection
Stlth  ..........               b - ring of see invisible
                                R - +2 ring of evasion

@: about to teleport, very slightly contaminated, somewhat resistant to hostile
enchantments, extremely unstealthy
A: no food or potions, fire vulnerability, cold resistance 1, negative energy
resistance 3, torment resistance, unbreathing, in touch with death 1, restore
body
a: Self-Restoration, Potion Petition, Call Merchant, Bribe Branch, Renounce
Religion


You were on level 12 of the Dungeon.
You worshipped Gozag.
Gozag was noncommittal.
You were not hungry.

You visited 2 branches of the dungeon, and saw 20 of its levels.
You also visited: Sewer.

You collected 6425 gold pieces.
You spent 1999 gold pieces at shops.
You paid 1367 gold pieces to Gozag.

Inventory:

Hand Weapons
 F - a +0 blowgun (weapon)
 N - a +2 vampiric long sword
 O - the +6 scimitar of Flaming Death {sticky flame, rPois rF++ rC- MR+}
   (You bought it in a shop on level 7 of the Dungeon)

   It has been specially enchanted to burn those struck by it, causing extra
   injury to most foes and up to half again as much damage against particularly
   susceptible opponents.
   Big, fiery blades are also staple armaments of hydra-hunters.
   It greatly protects you from fire.
   It makes you vulnerable to cold.
   It protects you from poison.
   It affects your resistance to hostile enchantments.
Missiles
 j - 12 tomahawks
 o - 42 poisoned needles
 w - 3 curare-tipped needles (quivered)
Armour
 c - a +0 shield (worn)
 e - a +1 cloak (worn)
 g - a +1 plate armour (worn)
 v - a +2 pair of gloves (worn)
 G - a +1 helmet (worn)
 J - a +0 pair of boots (worn)
Jewellery
 b - a ring of see invisible (right hand)
 k - a +3 amulet of reflection (around neck)
 q - an uncursed ring of stealth
 B - an uncursed ring of protection from cold
 H - an uncursed amulet of dismissal
 R - a +2 ring of evasion (left hand)
Wands
 a - a wand of disintegration (11/24)
 d - a wand of lightning (6/15)
 l - a wand of hasting (6/9)
 r - a wand of teleportation (4/9)
 t - a wand of iceblast (2/15)
 u - a wand of disintegration (16/24)
 x - a wand of digging (9/24)
 z - a wand of disintegration (1/24)
 A - a wand of slowing (40/48)
 C - a wand of paralysis (14/24)
 D - a wand of iceblast (8/15)
 E - a wand of lightning (0/15)
 I - a wand of acid (0/15)
 L - a wand of paralysis (14/24)
 P - a wand of acid (0/15)
 Q - a wand of lightning (8/15)
 S - a wand of polymorph (13/24)
 T - a wand of confusion (19/48)
Scrolls
 f - 6 scrolls of teleportation
 h - 2 scrolls of fear
 i - 9 scrolls of remove curse
 m - 4 scrolls of blinking
 n - 4 scrolls of amnesia
 p - 4 scrolls of recharging
 s - a scroll of identify
 y - a scroll of fog
 K - a scroll of magic mapping
 M - a scroll of torment
 U - a scroll of immolation


   Skills:
 + Level 13.6 Fighting
 - Level 14.0 Long Blades
 + Level 11.5 Armour
 + Level 3.0 Dodging
 + Level 6.1 Shields


You had 7 spell levels left.
You knew the following spells:

 Your Spells              Type           Power        Failure   Level  Hunger
a - Repel Missiles        Chrm/Air       #.....       100%        2    N/A
b - Swiftness             Chrm/Air       #.......     100%        2    N/A
c - Blink                 Tloc           N/A          100%        2    N/A

Dungeon Overview and Level Annotations

Branches:
Dungeon (12/15)            Temple (0/1) D:7            Lair (8/8) D:8
 Shoals (0/4) Lair:6       Spider (0/4) Lair:5        Slime (0/6) Lair:7
    Orc (0/2) D:12

Altars:
Ashenzari
Dithmenos
Gozag
Makhleb
Ru
Sif Muna
Trog
Vehumet
Xom
Jiyva

Shops:
D:4 (   D:7 (%   D:8 }   D:12 %

Annotations:
D:12 Azrael


Innate Abilities, Weirdness & Mutations

You do not eat or drink.
Your flesh is vulnerable to fire.
You are immune to poison.
Your flesh is cold resistant.
You are immune to negative energy.
You are immune to unholy pain and torment.
You can survive without breathing.
You are in touch with the powers of death.
You can restore your body by infusing magical energy.


Message History

The bolt of lightning hits you!
* * * LOW HITPOINT WARNING * * *
Firing (i - inventory. (,) - cycle):
w - 4 curare-tipped needles (quivered)
Press: ? - help, Shift-Dir - straight line, f/p - tengu reaver
Aim: a tengu reaver, wielding a war axe of distortion, wearing a ring mail and wearing a buckler (heavily wounded)
You shoot a curare-tipped needle.
The curare-tipped needle closely misses the tengu reaver.
Unknown command.
Read which item? (? for menu, Esc to quit)
Blink to where?
Press: ? - help, Dir - move target cursor, p - tengu reaver You are very lightly contaminated with residual magic.
As you read the scroll of blinking, it crumbles to dust.
Read which item? (? for menu, Esc to quit)
As you read the scroll of teleportation, it crumbles to dust.
You feel strangely unstable.
The tengu reaver points at you and mumbles some strange words.
The bolt of lightning hits you!
You die...
Your body crumbles into a pile of gold.

...............# #.......#
#.............####.......#
.........................#
.###............##.......#
..##.##########.##.......# .....#
#.#######..# ..##.# #..# ##.##
#.#..##+ #..# #..# #....#.. $
#.@# ##.####### ####(#.. #..##
#.......#
####.##'#######...#######.....>.#
.....#..'(.(..#.......*(........#
####.#(.#..#(('....######.......#
#.##########....######.......#
#.............#.*##........###
#.####..##...).#Q.#.......##
####.####..#####..##.#.......#


You could see a tengu reaver and a battlesphere.

Vanquished Creatures
  Gastronok (D:10)
  The ghost of Borgoz the Protected, a journeyman MiFi of the Shining One (D:12)
  Harold (Lair:3)
  8 hydras
  Erica (D:8)
  4 death yaks
  Sonja (Lair:1)
  Nergalle (Lair:4)
  15 spriggans (Lair:8)
  The ghost of namelastname112 the Basher, a novice DrGl of Gozag (D:8)
  The ghost of lysy the Arsonist, a novice DEFE of Vehumet (D:9)
  3 skeletal warriors (D:12)
  An unseen horror (D:11)
  5 hill giants
  Pikel (D:5)
  An orb spider (Lair:5)
  A deep elf mage (D:12)
  3 ugly things
  A cyclops (D:12)
  5 elephants (Lair:7)
  9 black mambas
  12 spiny frogs
  6 komodo dragons
  A centaur skeleton (D:12)
  A kobold demonologist (D:11)
  A spriggan druid (Lair:8)
  A fire drake (Lair:1)
  2 trolls
  6 polar bears
  A queen bee (Lair:7)
  The ghost of abixa the Slasher, an amateur HuGl (D:4)
  Prince Ribbit (D:8)
  13 blink frogs
  2 boulder beetles
  5 redbacks (Lair:8)
  A wyvern (D:10)
  2 basilisks
  28 yaks
  4 fire elementals
  A hungry ghost (D:11)
  15 hippogriffs
  3 vampire mosquitoes
  35 wolves
  14 water moccasins
  4 hell hounds (D:12)
  8 porcupines
  3 orc warriors
  3 sky beasts (D:7)
  4 slaves (D:3)
  2 ice beasts
  8 black bears
  5 phantoms
  An eye of draining (D:12)
  3 necrophages
  3 wasps (Lair:8)
  7 ogres
  16 crocodiles
  12 centaurs
  A big kobold (D:9)
  A wyvern zombie (D:8)
  16 giant frogs
  A water moccasin zombie (D:8)
  31 killer bees
  A water moccasin skeleton (D:4)
  2 scorpions
  10 wights
  7 crimson imps
  A centaur zombie (D:12)
  A quasit (D:7)
  A giant frog zombie (D:8)
  3 jellies (D:10)
  5 orc priests
  4 hounds
  2 giant frog skeletons
  12 orc wizards
  Terence (D:2)
  9 iguanas
  6 worker ants
  19 sheep
  2 hound skeletons
  2 mummies
  3 gnolls (D:2)
  16 adders
  27 river rats
  5 shadow imps
  An adder skeleton (D:8)
  3 adder zombies (D:8)
  3 worms
  9 giant geckos
  24 orcs
  12 bats
  8 giant cockroaches
  10 goblins
  7 hobgoblins
  20 jackals
  4 quokkas
  3 ball pythons
  2 giant gecko skeletons (D:4)
  A giant gecko zombie (D:5)
  13 giant newts
  A jackal zombie (D:6)
  8 kobolds
  A quokka zombie (D:5)
  7 rats
  A plant (Lair:4)
627 creatures vanquished.

Vanquished Creatures (others)
  A centaur (D:12)
  2 bushes
  47 fungi
  27 plants
77 creatures vanquished.

Grand Total: 704 creatures vanquished

Notes
Turn   | Place    | Note
--------------------------------------------------------------
     0 | D:1      | tsouns the Mummy Fighter began the quest for the Orb.
     0 | D:1      | Reached XP level 1. HP: 18/18 MP: 1/1
   308 | D:1      | Reached XP level 2. HP: 12/24 MP: 2/2
  1028 | D:2      | Reached XP level 3. HP: 19/29 MP: 3/3
  1260 | D:2      | Noticed Terence
  1534 | D:2      | You fall through a shaft for 2 floors!
  1536 | D:4      | Noticed abixa's ghost (amateur HuGl)
  1574 | D:4      | Reached XP level 4. HP: 7/37 MP: 4/4
  1825 | D:4      | Found an opulent altar of Gozag.
  1844 | D:4      | Became a worshipper of Gozag Ym Sagoz the Greedy
  2007 | D:3      | Found a faded altar to an unknown god.
  2086 | D:3      | Reached skill level 4 in Fighting
  2247 | D:3      | Found a shimmering altar of Xom.
  2251 | D:3      | Found an opulent altar of Gozag.
  2883 | D:2      | Reached XP level 5. HP: 38/42 MP: 5/5
  3085 | D:2      | Killed Terence
  3578 | D:4      | Found a sacrificial altar of Ru.
  3593 | D:4      | Noticed Pikel
  3593 | D:4      | Noticed a slave
  3593 | D:4      | Noticed a slave
  3719 | D:3      | Killed a slave
  3935 | D:4      | Reached XP level 6. HP: 34/49 MP: 6/6
  4055 | D:4      | Noticed a slave
  4055 | D:4      | Noticed a slave
  4077 | D:3      | Killed a slave
  4190 | D:3      | Killed a slave
  4321 | D:3      | Killed a slave
  4379 | D:4      | Found a deep blue altar of Sif Muna.
  4482 | D:4      | Killed abixa's ghost
  4482 | D:4      | Reached skill level 5 in Long Blades
  4602 | D:3      | Reached XP level 7. HP: 32/55 MP: 7/7
  4783 | D:4      | Reached skill level 6 in Long Blades
  5038 | D:5      | Entered Level 5 of the Dungeon
  5089 | D:5      | Found a glowing drain.
  5122 | Sewer    | Entered a sewer
  5614 | D:5      | Killed Pikel
  5614 | D:5      | Reached skill level 8 in Long Blades
  5614 | D:5      | Reached XP level 8. HP: 41/61 MP: 8/8
  5791 | D:5      | Got a twisted rapier
  5792 | D:5      | Identified the +4 rapier of the Unliving {pierce, MR+ Str-3 Dex+3 SInv} (You found it on level 5 of the Dungeon)
  6488 | D:4      | Reached skill level 9 in Long Blades
  7331 | D:6      | Found a shattered altar of Ashenzari.
  7345 | D:6      | Reached XP level 9. HP: 62/66 MP: 9/9
  7395 | D:6      | Found a bloodstained altar of Trog.
  8106 | D:7      | Found a staircase to the Ecumenical Temple.
  8291 | D:7      | Found a shadowy altar of Dithmenos.
  8319 | D:7      | Reached skill level 5 in Fighting
  8424 | D:7      | Learned a level 2 spell: Repel Missiles
  8427 | D:7      | Learned a level 2 spell: Swiftness
  8441 | D:7      | Found Hekareza's Food Emporium.
  8605 | D:8      | Found Feti's Gadget Shop.
  8656 | D:7      | Reached skill level 10 in Long Blades
  9643 | D:8      | Noticed Gastronok
  9660 | D:7      | Reached XP level 10. HP: 70/77 MP: 10/10
  9776 | D:8      | Noticed namelastname112's ghost (novice DrGl)
 10062 | D:7      | Reached skill level 5 in Armour
 10561 | D:8      | Noticed Erica
 10890 | D:8      | Noticed Prince Ribbit
 10925 | D:8      | Killed Prince Ribbit
 11238 | D:8      | Found a staircase to the Lair.
 11315 | D:8      | Killed Erica
 11749 | D:8      | Reached skill level 11 in Long Blades
 11985 | Lair:1   | Entered Level 1 of the Lair of Beasts
 12071 | Lair:1   | Noticed a spiny frog
 12082 | Lair:1   | Killed a spiny frog
 12229 | D:8      | Killed namelastname112's ghost
 12446 | Lair:1   | Reached XP level 11. HP: 76/87 MP: 11/11
 12546 | Lair:1   | Noticed an eight-headed hydra
 12572 | Lair:1   | Killed a two-headed hydra
 12695 | Lair:1   | Noticed Sonja
 12699 | Lair:1   | Killed Sonja
 12784 | Lair:1   | Got a slimy great sword
 12790 | Lair:1   | Identified the cursed +0 great sword of the Other Side {slice, Dex+3} (You found it on level 1 of the Lair of Beasts)
 13589 | Lair:2   | Noticed a six-headed hydra
 13599 | Lair:2   | Killed a one-headed hydra
 14176 | Lair:2   | Noticed a six-headed hydra
 14186 | Lair:2   | Killed a one-headed hydra
 14881 | Lair:3   | Noticed Harold
 16242 | Lair:3   | Reached XP level 12. HP: 97/97 MP: 12/12
 16283 | Lair:3   | Killed Harold
 16283 | Lair:3   | Reached skill level 10 in Fighting
 16283 | Lair:3   | Reached skill level 5 in Shields
 16748 | Lair:4   | Noticed a death yak
 16748 | Lair:4   | Noticed a death yak
 16750 | Lair:4   | Noticed a death yak
 16752 | Lair:4   | Noticed a death yak
 16949 | Lair:3   | Killed a death yak
 17156 | Lair:4   | Noticed Nergalle
 17192 | Lair:4   | Killed Nergalle
 17192 | Lair:4   | Reached skill level 12 in Long Blades
 17321 | Lair:4   | Noticed a four-headed hydra
 17358 | Lair:4   | Killed a one-headed hydra
 18098 | Lair:4   | Killed a death yak
 18101 | Lair:4   | Killed a death yak
 18117 | Lair:4   | Killed a death yak
 18637 | Lair:5   | Noticed a seven-headed hydra
 18658 | Lair:5   | Killed a one-headed hydra
 19162 | Lair:5   | Found a hole to the Spider Nest.
 19673 | Lair:6   | Found a shattered altar of Ashenzari.
 19717 | Lair:6   | Noticed a five-headed hydra
 19727 | Lair:6   | Killed a one-headed hydra
 19727 | Lair:6   | Gained mutation: You are in touch with the powers of death. [Mummy growth]
 19727 | Lair:6   | Gained mutation: You can restore your body by infusing magical energy. [Mummy growth]
 19727 | Lair:6   | Reached XP level 13. HP: 98/106 MP: 13/13
 19872 | Lair:6   | Found a staircase to the Shoals.
 20043 | D:7      | Bought the +6 scimitar of Flaming Death {sticky flame, rPois rF++ rC- MR+} for 1999 gold pieces
 20630 | Lair:7   | Found a staircase to the Slime Pits.
 20630 | Lair:7   | Found a viscous altar of Jiyva.
 20917 | Lair:7   | Reached skill level 13 in Long Blades
 22461 | Lair:8   | Entered Level 8 of the Lair of Beasts
 22479 | Lair:8   | Reached skill level 10 in Armour
 23472 | Lair:8   | Reached XP level 14. HP: 109/116 MP: 14/14
 23480 | Lair:8   | Identified Vehumet's Collected Works on Cloudy Conjuration (You found it on level 8 of the Lair of Beasts)
 24484 | D:9      | Noticed lysy's ghost (novice DEFE)
 24494 | D:9      | Killed lysy's ghost
 24657 | D:9      | Found a radiant altar of Vehumet.
 24658 | D:9      | Found a burning altar of Makhleb.
 25115 | D:10     | Entered Level 10 of the Dungeon
 25151 | D:10     | Found a deep blue altar of Sif Muna.
 25640 | D:10     | Killed Gastronok
 25640 | D:10     | Reached skill level 14 in Long Blades
 26414 | D:11     | Reached skill level 1 in Dodging
 26630 | D:12     | Noticed Azrael
 26630 | D:12     | Noticed Borgoz's ghost (journeyman MiFi)
 27450 | D:12     | Found a staircase to the Orcish Mines.
 27573 | D:12     | Killed Borgoz's ghost
 27643 | D:12     | Found Kisi's Food Boutique.
 27866 | D:12     | Learned a level 2 spell: Blink
 27921 | D:12     | Found a runed door.
 28102 | D:12     | Noticed a tengu reaver
 28142 | D:12     | Killed from afar by a tengu reaver

Vault maps used:
D:1:      dpeg_arrival_rooms_b
D:2:      first_bread, uniq_terence
D:3:      nicolae_overflow_hidden_temple, ecumenical_altar_1
D:4:      grunt_temple_overflow_open, nicolae_gozag_seed_capital, uniq_pikel
D:5:      portal_sewer_entry_f
D:6:      bloody_trog, basic_altar
D:7:      nicolae_dithmenos_the_darkroom, minmay_temple_entry_fiery,
          serial_shops, nicolae_shop_statue_plus
D:8:      boulder_corridor_run, minmay_lair_entry_grove, serial_shops,
          nicolae_shop_trees, serial_undead, serial_undead_d, serial_undead_e,
          serial_undead_d, serial_undead_e, uniq_erica, uniq_prince_ribbit1,
          uniq_gastronok
D:9:      grunt_temple_overflow_lords_of_destruction, blue_anna_alchemist
D:10:     led_sif_book
D:12:     orc_0_dummy, serial_shops, shop_statue, st_stairs_12, minivault_13,
          uniq_azrael
Lair:1:   enter_volcano_3, uniq_sonja
Lair:3:   uniq_harold
Lair:4:   grunt_megastairs_2, uniq_nergalle
Lair:5:   nicolae_spider_entry_orb_guardian
Lair:6:   elwin_shoals_entry_rocks, basic_altar, bh_autumn_forest_stairs,
          lemuel_fruit_tree
Lair:7:   slime_altar_1, wad_woods_road_04
Lair:8:   minmay_lair_end_enchanted_forest, grunt_forest_small_clearings,
          infiniplex_staircase_pool, lemuel_fruit_fields
Sewer:    sewer_fruit_machine

Action                   |  1- 3 |  4- 6 |  7- 9 | 10-12 | 13-15 || total
-------------------------+-------+-------+-------+-------+-------++-------
Melee: Long sword        |   160 |   353 |   363 |   150 |    22 ||  1048
       Dagger            |       |       |   180 |   124 |       ||   304
       Rapier            |       |       |    67 |     7 |       ||    74
       Falchion          |       |       |    10 |       |       ||    10
       Scimitar          |       |       |       |   642 |  1006 ||  1648
 Fire: Blowgun           |       |       |       |    27 |     9 ||    36
Throw: Stone             |     9 |       |    11 |       |       ||    20
       Tomahawk          |       |     3 |    11 |     9 |     7 ||    30
Invok: Call Merchant     |       |       |     2 |       |       ||     2
       Potion Petition   |       |       |       |     1 |       ||     1
Evoke: Wand              |       |       |       |    30 |     7 ||    37
  Use: Scroll            |     4 |     4 |     6 |    19 |     8 ||    41
 Stab: Distracted        |       |     1 |       |     4 |     7 ||    12
       Paralysed         |       |       |       |       |     4 ||     4
